 Dungeon Crawl Stone Soup version 0.28.0-47-ge53b351184 (webtiles) character file.

Game seed: 5623717149429024086

134324 DearestLeader the Fighter (level 17, -14/140 HPs)
             Began as a Gnoll Fighter on Apr 24, 2022.
             Was the Champion of Okawaru.
             Killed by vampiric draining
             ... invoked by a vampire mage
              (20 damage)
             ... on level 15 of the Dungeon on Apr 25, 2022.
             The game lasted 01:05:35 (32837 turns).

DearestLeader the Fighter (Gnoll Fighter)          Turns: 32837, Time: 01:05:36

Health: -14/140    AC: 35    Str: 28    XL:     17   Next: 16%
Magic:  32/32      EV: 18    Int: 13    God:    Okawaru [******]
Gold:   712        SH: 14    Dex: 22    Spells: 33/38 levels left

rFire   + + +      SeeInvis .   e - +6 broad axe of the Lusting Traitor {protect, rF++ rC- Dex+5}
rCold   + . .      Faith    +   T - +0 kite shield {AC+3}
rNeg    . . .      Spirit   .   U - quicksilver dragon scales of Upog {Will+ Str+3}
rPois   +          Reflect  .   W - +2 helmet {Int+3}
rElec   +          Harm     .   g - +0 cloak
rCorr   +          Rampage  .   b - +1 pair of gloves {Str+3}
Will    +++..                   o - +2 pair of boots {Stlth+}
Stlth   ++++++....              N - amulet of Honixod {Faith +Blink Will+ Regen+}
HPRegen 1.13/turn               t - ring of protection from cold
MPRegen 0.23/turn               h - +6 ring of dexterity

@: resistant, under a protective aura, studying 2 skills
A: fangs 1, strong nose, distributed training
a: Renounce Religion, Evoke Blink, Heroism, Finesse, Duel


You were on level 15 of the Dungeon.
You worshipped Okawaru.
Okawaru was exalted by your worship.
You visited 4 branches of the dungeon, and saw 24 of its levels.
You also visited: Gauntlet.

You collected 2637 gold pieces.
You spent 1925 gold pieces at shops.

Inventory:

Hand Weapons
 e - the +6 broad axe of the Lusting Traitor (weapon) {protect, rF++ rC- Dex+5}
   (You found it in a Gauntlet)

   It grants its wielder temporary protection when it strikes (+7 to AC).
   Dex:       It affects your dexterity (+5).
   rF:        It greatly protects you from fire.
   rC:        It makes you vulnerable to cold.
 k - the +8 trident of Chaos {venom, rF- Dex+2 SInv}
   (You found it on level 2 of the Dungeon)

   It poisons the flesh of those it strikes.
   Dex:       It affects your dexterity (+2).
   rF:        It makes you vulnerable to fire.
   SInv:      It lets you see invisible.
 P - the +9 hand axe of Ecoduwn {vorpal, rPois rC+ Str+6}
   (You found it on level 6 of the Lair of Beasts)

   It inflicts extra damage upon your enemies.
   Str:       It affects your strength (+6).
   rC:        It protects you from cold.
   rPois:     It protects you from poison.
 S - the +14 obsidian axe {vorpal, Mesm Drain Fly SInv}
   (You took it off a minotaur in a Gauntlet)

   It inflicts extra damage upon your enemies.
   It occasionally summons demons to assist the wielder when it strikes in
   combat.
   Its wielder is mesmerised by any visible foes.
   It cannot be unequipped while any foes are visible.
   SInv:      It lets you see invisible.
   Fly:       It grants you flight.
   Drain:     It drains your maximum health when unequipped.
Missiles
 i - 65 poisoned darts (quivered)
 l - a throwing net
Armour
 b - a +1 pair of gloves of strength (worn)
 g - a +0 cloak (worn)
 n - a +3 chain mail of fire resistance
 o - a +2 pair of boots of stealth (worn)
 p - a +1 pair of boots of flying
 T - a +0 kite shield of protection (worn)
 U - the quicksilver dragon scales of Upog (worn) {Will+ Str+3}
   (You took it off a minotaur in a Gauntlet)

   Str:       It affects your strength (+3).
   Will:      It increases your willpower.
 W - a +2 helmet of intelligence (worn)
Jewellery
 h - a +6 ring of dexterity (right hand)
 t - a ring of protection from cold (left hand)
 B - a ring of flight
 I - an amulet of guardian spirit
 N - the amulet of Honixod (around neck) {Faith +Blink Will+ Regen+}
   (You found it in a Gauntlet)

   [amulet of faith]

   It allows you to gain divine favour quickly.
   +Blink:    It lets you blink.
   Regen:     It increases your rate of health regeneration.
   Will:      It increases your willpower.
 R - a ring of see invisible
 X - a +6 ring of dexterity
 Y - a ring of magical power
Wands
 a - a wand of mindburst (6)
 z - a wand of iceblast (7)
 F - a wand of flame (25)
 G - a wand of paralysis (5)
 L - a wand of polymorph (4)
Scrolls
 f - a scroll of blinking
 m - a scroll of brand weapon
 q - a scroll of amnesia
 u - 6 scrolls of teleportation
 v - a scroll of magic mapping
 y - a scroll of enchant weapon
 A - 3 scrolls of fear
 E - 6 scrolls of fog
Potions
 c - a potion of ambrosia {unknown}
 d - 3 potions of brilliance
 j - 3 potions of invisibility
 r - 8 potions of mutation
 s - 2 potions of magic
 w - a potion of haste
 x - 2 potions of cancellation
 C - a potion of resistance
 H - 2 potions of flight {unknown}
 J - 5 potions of curing
 M - a potion of berserk rage {unknown}
Miscellaneous
 O - a phantom mirror


   Skills:
 + Level 14.4 Fighting
 + Level 11.1 Short Blades
 + Level 11.1 Long Blades
 + Level 12.0 Axes
 + Level 11.1 Maces & Flails
 + Level 11.1 Polearms
 + Level 11.1 Staves
 + Level 11.1 Slings
 + Level 11.1 Bows
 + Level 11.1 Crossbows
 + Level 11.1 Throwing
 + Level 12.8 Armour
 + Level 11.1 Dodging
 + Level 11.1 Stealth
 + Level 12.8 Shields
 + Level 11.1 Unarmed Combat
 + Level 11.1 Spellcasting
 + Level 9.3 Conjurations
 + Level 9.3 Hexes
 + Level 9.3 Summonings
 + Level 9.3 Necromancy
 + Level 9.3 Translocations
 + Level 9.3 Transmutations
 + Level 9.3 Fire Magic
 + Level 9.3 Ice Magic
 + Level 9.3 Air Magic
 + Level 9.3 Earth Magic
 + Level 9.3 Poison Magic
 + Level 12.1 Invocations
 + Level 11.8 Evocations


You had 33 spell levels left.
You knew the following spells:

 Your Spells              Type           Power      Damage    Failure   Level
a - Frozen Ramparts       Ice            62%        1d8       1%          3
b - Sandblast             Erth           62%        2d14      1%          1
c - Sting                 Tmut/Pois      100%       1d8       1%          1

Your spell library contained the following spells:

 Spells                   Type           Power      Damage    Failure   Level
 Apportation              Tloc           62%        N/A       1%          1
 Beastly Appendage        Tmut           62%        N/A       1%          1
 Foxfire                  Conj/Fire      100%       2x1d9     1%          1
 Freeze                   Ice            100%       1d11      1%          1
 Magic Dart               Conj           100%       1d8       1%          1
 Shock                    Conj/Air       100%       1d9       1%          1
 Corpse Rot               Necr/Air       62%        N/A       1%          2
 Passwall                 Tmut/Erth      25%        N/A       1%          2
 Poisonous Vapours        Pois/Air       62%        N/A       1%          2
 Searing Ray              Conj           62%        2d6       1%          2
 Wereblood                Tmut           31%        N/A       1%          2
 Conjure Flame            Conj/Fire      31%        6-21      1%          3
 Gell's Gravitas          Tloc           31%        N/A       1%          3
 Inner Flame              Hex/Fire       31%        N/A       1%          3
 Lesser Beckoning         Tloc           31%        N/A       1%          3
 Ozocubu's Armour         Ice            31%        N/A       1%          3
 Portal Projectile        Hex/Tloc       62%        N/A       1%          3
 Spider Form              Tmut/Pois      31%        N/A       1%          3
 Stone Arrow              Conj/Erth      62%        3d10      1%          3
 Swiftness                Air            31%        N/A       1%          3
 Teleport Other           Tloc           31%        N/A       1%          3
 Airstrike                Air            15%        N/A       5%          4
 Flame Wave               Conj/Fire      31%        2d8       5%          4
 Fulminant Prism          Conj/Hex       15%        3d11      5%          4
 Hailstorm                Conj/Ice       31%        3d8       5%          4
 Ice Form                 Ice/Tmut       31%        N/A       5%          4
 Leda's Liquefaction      Hex/Erth       15%        N/A       5%          4
 Alistair's Intoxication  Tmut/Pois      20%        N/A       16%         5
 Borgnjor's Vile Clutch   Necr/Erth      15%        N/A       16%         5
 Eringya's Noxious Bog    Tmut/Pois      15%        N/A       63%         6
 Ozocubu's Refrigeration  Ice            15%        4d8       99%         7
 Call Canine Familiar     Summ           Unusable   N/A       N/A         3
 Summon Ice Beast         Ice/Summ       Unusable   N/A       N/A         4

Dungeon Overview and Level Annotations

Branches:
Dungeon (15/15)            Temple (1/1) D:6            Lair (6/6) D:8
 Shoals (0/4) Lair:3       Spider (0/4) Lair:3        Slime (0/5) Lair:5
    Orc (2/2) D:9             Elf (0/3) Orc:2        Vaults (0/5) D:14
 Depths (0/4) D:15        Gauntlet (visited)

Altars:
Cheibriados
Dithmenos
Elyvilon
Gozag
Kikubaaqudgha
Okawaru
Vehumet
Wu Jian
Xom
Yredelemnul
The Shining One
Beogh

Shops:
D:4 [   D:5 ?   D:7 :   D:9 :   Orc:2 *[*[

Portals:
Trove: D:13 (give 9 potions of haste)

Annotations:
D:3 3 runed translucent doors, Tali's ghost, amateur DsBe
D:10 exclusion: oklob sapling
D:13 3 runed translucent doors, Liimbo's ghost, journeyman FoWn
Lair:3 1 runed translucent door, CryoSword's ghost, journeyman VSTm
Lair:5 exclusion: 3 oklob plants
Orc:1 2 transporters


Innate Abilities, Weirdness & Mutations

You have very sharp teeth.
Your uncanny sense of smell can sniff out nearby items.
Your experience applies equally to all skills.


Message History

You slash something! Something draws life force from you!
You hit something but do no damage.
A vampire mage appears from thin air!
Reactivating autopickup.
The vampire mage draws life force from you!!
* * * LOW HITPOINT WARNING * * *
The vampire mage is healed by the life force!
You block the vampire mage's attack. The vampire mage misses you.
You hit the vampire mage.
You bite the vampire mage, but do no damage.
The vampire mage is severely damaged.
The vampire mage gestures wildly while chanting.
The vampire mage flickers and vanishes!
Deactivating autopickup; reactivate with Ctrl-A.
You hit something but do no damage. Your bite misses something.
You block something's attack. x2
Unknown command.
You miss something. Something hits you but does no damage.
Something bites you but does no damage.
You closely miss something.
You hear some strange, mumbled words.
A bolt of negative energy appears from out of thin air!
The bolt of negative energy misses you.
You miss something. Something hits you.
* * * LOW HITPOINT WARNING * * *
Something barely misses you.
Unknown command.
You feel protected. Something hits you!
* * * LOW HITPOINT WARNING * * *
Something bites you but does no damage.
You slash something!
Your weapon exudes an aura of protection.
Something barely misses you. You block something's attack.
You closely miss something. Something draws life force from you!!
* * * LOW HITPOINT WARNING * * *
You slash something! Something closely misses you. x2
You barely miss something.
You hear some strange, mumbled words.
Something draws life force from you!!
You die...

#......#.#.# ##.8.....
#........#.# #.P......
#######..#.# #...P.8..
#..#.# #....8..8 ##.#.#
##...M....
#.#.####..Z....>.
######'#...W{Z§.V..8..
#.........##{#Z.....8.
#.........##@#........
#....^....##Z#........
#.........##'##....8..
#####.............##..88..
......)...........# ####.#
...^..............# #
......##########.##
......# #.# ......# #.#


You could see a freezing wraith (summoned) and 2 spectral centaur warriors.

Vanquished Creatures
  Frances (D:12)
  Gastronok (D:10)
  An orc warlord (Arena)
  A minotaur (Gauntlet)
  Azrael (D:13)
  The ghost of Gabide the Slinger, a journeyman DgWn (D:14)
  3 vault guards (D:14)
  A ghost crab (Gauntlet)
  13 hydras
  Erica (D:8)
  5 boulder beetles
  2 catoblepae
  3 ogre magi
  15 two-headed ogres
  4 centaur warriors
  16 death yaks
  2 tengu warriors (D:12)
  The ghost of Faeu the Blocker, a novice MiFi of Elyvilon (D:9)
  A skeletal warrior (D:15)
  A lindwurm (Lair:4)
  A wizard (D:14)
  A necromancer (D:15)
  13 orc knights
  4 deep elf pyromancers
  6 cyclopes
  A wolf spider (Gauntlet)
  An oklob plant (Lair:5)
  3 manticores
  2 orc sorcerers
  A merfolk siren (Lair:3)
  2 moths of wrath (Gauntlet)
  4 black mambas
  10 elephants
  2 torpor snails
  7 cane toads
  A yaktaur (D:14)
  A freezing wraith (D:15)
  4 demonic crawlers (D:15)
  A rime drake (Lair:1)
  9 komodo dragons
  An efreet (D:15)
  A kobold demonologist (D:13)
  2 tengu conjurers
  A guardian mummy (D:15)
  3 merfolk (Lair:3)
  5 polar bears
  7 trolls
  3 meliai (D:13)
  6 hornets
  15 blink frogs
  Prince Ribbit (D:9)
  4 slime creatures (D:15)
  A meliai zombie (D:11)
  11 dream sheep
  A shadow (D:11)
  Sigmund (D:2)
  14 spriggans (Lair:6)
  4 wraiths
  3 wyverns (Lair:5)
  6 basilisks
  7 fire elementals (D:13)
  A human (D:14)
  24 yaks
  2 steam dragons
  2 redbacks (Gauntlet)
  9 wargs
  15 water moccasins
  Edmund (D:5)
  A hell hound (D:12)
  52 orc warriors
  2 sky beasts
  6 black bears
  A black bear (shapeshifter) (D:13)
  3 necrophages
  2 ice beasts
  39 wolves
  11 ogres
  4 boggarts (Lair:6)
  14 centaurs
  A phantom (D:7)
  3 kobold brigands
  14 bullfrogs
  A scorpion (D:10)
  2 gnoll sergeants
  A wyvern zombie (D:9)
  A water moccasin skeleton (D:7)
  9 killer bees
  11 wights
  2 electric eels (Lair:5)
  A bullfrog zombie (D:5)
  8 crimson imps (D:7)
  5 centaur zombies
  4 hounds
  16 orc priests
  A centaur skeleton (D:4)
  3 jellies
  3 iguanas
  23 orc wizards
  11 hell rats
  15 gnolls
  11 river rats (Lair:2)
  13 adders
  A shadow imp (D:6)
  4 white imps
  An ufetubus (D:6)
  An adder skeleton (D:4)
  A worm (D:2)
  5 dart slugs
  106 orcs
  12 ball pythons
  10 endoplasms
  A giant cockroach (D:4)
  8 goblins
  6 hobgoblins
  3 jackals (D:10)
  8 quokkas
  5 bats
  4 frilled lizards
  15 kobolds
  7 rats
791 creatures vanquished.

Vanquished Creatures (others)
  An orc (Orc:1)
  2 kobolds (D:8)
  32 fungi
  92 plants
  13 withered plants (D:15)
140 creatures vanquished.

Grand Total: 931 creatures vanquished

Notes
Turn   | Place    | Note
-------+----------+-------------------------------------------
     0 | D:1      | DearestLeader the Gnoll Fighter began the quest for the
                  | Orb.
     0 | D:1      | Reached XP level 1. HP: 23/23 MP: 1/1
   153 | D:1      | Reached XP level 2. HP: 29/29 MP: 2/2
   663 | D:1      | Reached XP level 3. HP: 35/35 MP: 3/3
   871 | D:1      | Found a faded altar of an unknown god.
  1213 | D:2      | Identified the +8 trident of Chaos {venom, rF- Dex+2 SInv}
  1230 | D:2      | Noticed Sigmund
  1243 | D:2      | Killed Sigmund
  1244 | D:2      | Reached skill level 1 in Short Blades
  1244 | D:2      | Reached skill level 1 in Long Blades
  1244 | D:2      | Reached skill level 1 in Maces & Flails
  1244 | D:2      | Reached skill level 1 in Polearms
  1244 | D:2      | Reached skill level 1 in Staves
  1244 | D:2      | Reached skill level 1 in Slings
  1244 | D:2      | Reached skill level 1 in Bows
  1244 | D:2      | Reached skill level 1 in Crossbows
  1244 | D:2      | Reached skill level 1 in Throwing
  1244 | D:2      | Reached skill level 1 in Dodging
  1244 | D:2      | Reached skill level 1 in Stealth
  1244 | D:2      | Reached skill level 1 in Unarmed Combat
  1244 | D:2      | Reached skill level 1 in Spellcasting
  1244 | D:2      | Reached skill level 1 in Conjurations
  1244 | D:2      | Reached skill level 1 in Hexes
  1244 | D:2      | Reached skill level 1 in Summonings
  1244 | D:2      | Reached skill level 1 in Necromancy
  1244 | D:2      | Reached skill level 1 in Translocations
  1244 | D:2      | Reached skill level 1 in Transmutations
  1244 | D:2      | Reached skill level 1 in Fire Magic
  1244 | D:2      | Reached skill level 1 in Ice Magic
  1244 | D:2      | Reached skill level 1 in Air Magic
  1244 | D:2      | Reached skill level 1 in Earth Magic
  1244 | D:2      | Reached skill level 1 in Poison Magic
  1244 | D:2      | Reached skill level 1 in Invocations
  1244 | D:2      | Reached skill level 1 in Evocations
  1244 | D:2      | Reached XP level 4. HP: 36/41 MP: 3/6
  1244 | D:2      | Reached XP level 5. HP: 42/47 MP: 3/7
  1314 | D:2      | Reached XP level 6. HP: 16/53 MP: 8/8
  2035 | D:3      | Reached skill level 5 in Axes
  2305 | D:3      | Noticed a water moccasin
  2319 | D:3      | Killed a water moccasin
  2699 | D:3      | Found a runed translucent gate.
  2699 | D:3      | Found a runed translucent gate.
  2699 | D:3      | Found a runed translucent gate.
  2702 | D:3      | Noticed Tali's ghost (amateur DsBe)
  2911 | D:4      | Reached XP level 7. HP: 59/59 MP: 10/10
  2967 | D:4      | Reached skill level 7 in Fighting
  3338 | D:4      | Found Fimimi's Armour Boutique.
  3546 | D:5      | Entered Level 5 of the Dungeon
  3730 | D:5      | Found Diann's Magic Scroll Shoppe.
  3794 | D:5      | Reached XP level 8. HP: 67/67 MP: 12/12
  3866 | D:5      | Noticed Edmund
  3874 | D:5      | Killed Edmund
  4448 | D:6      | Found a staircase to the Ecumenical Temple.
  4459 | Temple   | Entered the Ecumenical Temple
  4526 | Temple   | Became a worshipper of Warmaster Okawaru
  4691 | D:4      | Bought a +1 pair of gloves of strength for 165 gold pieces
  5209 | D:7      | Reached * piety under Okawaru
  5262 | D:7      | Reached XP level 9. HP: 72/72 MP: 14/14
  5553 | D:7      | Found Ibiakk's Book Emporium.
  5748 | D:7      | Reached ** piety under Okawaru
  5749 | D:7      | Reached skill level 8 in Fighting
  5891 | D:7      | Reached skill level 5 in Invocations
  6846 | D:8      | Found a staircase to the Lair.
  6846 | D:8      | Noticed an elephant
  6867 | D:8      | Reached XP level 10. HP: 50/80 MP: 17/17
  6879 | D:8      | Killed an elephant
  6879 | D:8      | Reached *** piety under Okawaru
  6892 | D:8      | Reached skill level 5 in Short Blades
  6892 | D:8      | Reached skill level 5 in Long Blades
  6892 | D:8      | Reached skill level 5 in Maces & Flails
  6892 | D:8      | Reached skill level 5 in Polearms
  6892 | D:8      | Reached skill level 5 in Staves
  6892 | D:8      | Reached skill level 5 in Slings
  6892 | D:8      | Reached skill level 5 in Bows
  6892 | D:8      | Reached skill level 5 in Crossbows
  6892 | D:8      | Reached skill level 5 in Throwing
  6892 | D:8      | Reached skill level 5 in Dodging
  6892 | D:8      | Reached skill level 5 in Stealth
  6892 | D:8      | Reached skill level 5 in Unarmed Combat
  6892 | D:8      | Reached skill level 5 in Spellcasting
  6892 | D:8      | Reached skill level 5 in Evocations
  6908 | D:8      | Upgraded the game from 0.28.0-45-g0d030f2227 to
                  | 0.28.0-47-ge53b351184
  7357 | D:8      | Noticed Erica
  7443 | D:8      | Killed Erica
  7706 | D:8      | Reached **** piety under Okawaru
  8085 | D:9      | Found a staircase to the Orcish Mines.
  8104 | D:9      | Found Tovoab's Self-Improvement Boutique.
  8113 | D:9      | Noticed a two-headed ogre
  8126 | D:9      | Killed a two-headed ogre
  8164 | D:9      | Noticed a two-headed ogre
  8193 | D:9      | Killed a two-headed ogre
  8194 | D:9      | Reached XP level 11. HP: 78/87 MP: 19/19
  8465 | D:9      | Reached ***** piety under Okawaru
  8466 | D:9      | Reached skill level 9 in Fighting
  8579 | D:9      | Noticed Prince Ribbit
  8587 | D:9      | Killed Prince Ribbit
  8588 | D:9      | Reached skill level 5 in Conjurations
  8588 | D:9      | Reached skill level 5 in Hexes
  8588 | D:9      | Reached skill level 5 in Summonings
  8588 | D:9      | Reached skill level 5 in Necromancy
  8588 | D:9      | Reached skill level 5 in Translocations
  8588 | D:9      | Reached skill level 5 in Transmutations
  8588 | D:9      | Reached skill level 5 in Fire Magic
  8588 | D:9      | Reached skill level 5 in Ice Magic
  8588 | D:9      | Reached skill level 5 in Air Magic
  8588 | D:9      | Reached skill level 5 in Earth Magic
  8588 | D:9      | Reached skill level 5 in Poison Magic
  9050 | D:9      | Found a runed translucent gate.
  9050 | D:9      | Identified the +0 chain mail of Yranivut {Int+4}
  9050 | D:9      | Noticed Faeu's ghost (novice MiFi)
  9052 | D:9      | Found a runed translucent gate.
  9053 | D:9      | Found a runed translucent gate.
  9206 | Orc:1    | Entered Level 1 of the Orcish Mines
  9219 | Orc:1    | Found a transporter.
  9242 | Orc:1    | Noticed an ogre mage
  9243 | Orc:1    | Noticed a two-headed ogre
  9247 | Orc:1    | Noticed a two-headed ogre
  9523 | Orc:1    | Noticed a two-headed ogre
  9731 | Lair:1   | Entered Level 1 of the Lair of Beasts
  9764 | Lair:1   | Received a gift from Okawaru
 10039 | Lair:1   | HP: 3/89 [poisoned by a cane toad]
 10426 | Lair:1   | Noticed a seven-headed hydra
 10441 | Lair:1   | Killed a seven-headed hydra
 10705 | Lair:1   | Noticed a four-headed hydra
 10716 | Lair:1   | Received a gift from Okawaru
 10723 | Lair:1   | Killed a four-headed hydra
 11388 | Lair:2   | Identified the +4 great sword of the Piercing Boar {pain,
                  | rPois Dex+3} (Okawaru gifted it to you on level 2 of the
                  | Lair of Beasts)
 11388 | Lair:2   | Received a gift from Okawaru
 11864 | Lair:2   | Reached XP level 12. HP: 94/96 MP: 22/22
 12406 | Lair:2   | Noticed a four-headed hydra
 12417 | Lair:2   | Killed a four-headed hydra
 12643 | Lair:3   | Received a gift from Okawaru
 13298 | Lair:3   | Found a staircase to the Shoals.
 13814 | Lair:3   | Reached skill level 10 in Fighting
 13814 | Lair:3   | Reached skill level 10 in Armour
 13814 | Lair:3   | Reached skill level 10 in Shields
 13969 | Lair:3   | Found a hole to the Spider Nest.
 13985 | Lair:3   | Received a gift from Okawaru
 14201 | Lair:3   | Noticed a six-headed hydra
 14230 | Lair:3   | Killed a six-headed hydra
 14582 | Lair:3   | Found a runed translucent door.
 14583 | Lair:3   | Found a shimmering altar of Xom.
 14583 | Lair:3   | Noticed CryoSword's ghost (journeyman VSTm)
 14713 | Lair:3   | Noticed a four-headed hydra
 14723 | Lair:3   | Killed a four-headed hydra
 15120 | Lair:4   | Noticed a seven-headed hydra
 15552 | Lair:4   | Reached XP level 13. HP: 100/103 MP: 24/24
 15850 | Lair:4   | Received a gift from Okawaru
 18016 | D:10     | Entered Level 10 of the Dungeon
 18076 | D:10     | Received a gift from Okawaru
 18235 | D:10     | Got Koakej Rowa's Papyrus of Nature
 18638 | D:10     | Found an ornate altar of the Wu Jian Council.
 18722 | D:10     | Noticed Gastronok
 18747 | D:10     | Killed Gastronok
 18913 | D:10     | Identified the +1 ring mail "Edaekutu" {Dex+2}
 19444 | Orc:1    | Found a transporter.
 19451 | Orc:1    | Noticed an orc warlord
 19452 | Orc:1    | Noticed an ettin
 19607 | Orc:1    | Received a gift from Okawaru
 20311 | D:9      | Bought a manual of Fighting for 880 gold pieces
 21237 | D:9      | Killed Faeu's ghost
 21238 | D:9      | Reached skill level 11 in Fighting
 21617 | Lair:5   | Learned a level 3 spell: Frozen Ramparts
 21619 | Lair:5   | Learned a level 1 spell: Sandblast
 21701 | Lair:5   | Reached skill level 10 in Axes
 21703 | Lair:5   | Learned a level 1 spell: Sting
 21711 | Lair:5   | Reached XP level 14. HP: 88/113 MP: 23/26
 22114 | Lair:5   | Received a gift from Okawaru
 22835 | Lair:5   | Reached skill level 10 in Invocations
 23193 | Lair:5   | Reached skill level 12 in Fighting
 23193 | Lair:5   | Reached XP level 15. HP: 120/120 MP: 28/28
 23435 | Lair:5   | Found a staircase to the Slime Pits.
 23541 | Lair:6   | Entered Level 6 of the Lair of Beasts
 25500 | Lair:6   | Identified the +9 hand axe of Ecoduwn {vorpal, rPois rC+
                  | Str+6}
 25758 | Lair:6   | Identified the -1 helmet "Uwiemn" {Will+} (Okawaru gifted
                  | it to you on level 6 of the Lair of Beasts)
 25758 | Lair:6   | Received a gift from Okawaru
 26280 | Lair:6   | Reached skill level 10 in Short Blades
 26280 | Lair:6   | Reached skill level 10 in Long Blades
 26280 | Lair:6   | Reached skill level 10 in Maces & Flails
 26280 | Lair:6   | Reached skill level 10 in Polearms
 26280 | Lair:6   | Reached skill level 10 in Staves
 26280 | Lair:6   | Reached skill level 10 in Slings
 26280 | Lair:6   | Reached skill level 10 in Bows
 26280 | Lair:6   | Reached skill level 10 in Crossbows
 26280 | Lair:6   | Reached skill level 10 in Throwing
 26280 | Lair:6   | Reached skill level 10 in Dodging
 26280 | Lair:6   | Reached skill level 10 in Stealth
 26280 | Lair:6   | Reached skill level 10 in Unarmed Combat
 26280 | Lair:6   | Reached skill level 10 in Spellcasting
 26280 | Lair:6   | Reached skill level 10 in Evocations
 27463 | Orc:2    | Entered Level 2 of the Orcish Mines
 27506 | Orc:2    | Found a gate leading to a gauntlet.
 27527 | Gauntlet | Entered a Gauntlet
 27527 | Gauntlet | Found a transporter.
 27527 | Gauntlet | Found a transporter.
 27559 | Gauntlet | Found a transporter.
 27574 | Gauntlet | Found a transporter.
 27590 | Gauntlet | Found a transporter.
 27593 | Gauntlet | Found a transporter.
 27593 | Gauntlet | Found a transporter.
 27605 | Gauntlet | Found a transporter.
 27623 | Gauntlet | Found a transporter.
 27632 | Gauntlet | Found a runed translucent gate.
 27633 | Gauntlet | Found a transporter.
 27633 | Gauntlet | Found a runed translucent gate.
 27634 | Gauntlet | Found a runed translucent gate.
 27648 | Gauntlet | Found a transporter.
 27668 | Gauntlet | Found a transporter.
 27668 | Gauntlet | Found a transporter.
 27668 | Gauntlet | Found a transporter.
 27806 | Gauntlet | Reached XP level 16. HP: 129/129 MP: 26/30
 27811 | Gauntlet | Reached skill level 13 in Fighting
 27858 | Gauntlet | Identified the amulet of Honixod {Faith +Blink Will+
                  | Regen+}
 27881 | Gauntlet | Identified the quicksilver dragon scales of Upog {Will+
                  | Str+3}
 27909 | Gauntlet | Identified the +0 hat of Okawaru's Castigation {rElec rC-
                  | rCorr Stlth+}
 27913 | Gauntlet | Identified the +6 broad axe of the Lusting Traitor
                  | {protect, rF++ rC- Dex+5}
 28357 | Arena    | Entered the Arena
 28761 | Orc:2    | Found Keomn's General Store.
 28761 | Orc:2    | Found Fumorghamm's Antique Armour Shop.
 28933 | Orc:2    | Found a staircase to the Elven Halls.
 28984 | Orc:2    | Found Jaohiemn's General Store.
 28984 | Orc:2    | Found Yvvuzal's Antique Armour Shop.
 29253 | D:9      | Bought a manual of Evocations for 880 gold pieces
 29301 | D:11     | Received a gift from Okawaru
 30906 | D:12     | Received a gift from Okawaru
 30959 | D:13     | Noticed Frances
 30976 | D:12     | Killed Frances
 31011 | D:13     | Received a gift from Okawaru
 31099 | D:13     | Noticed Azrael
 31133 | D:13     | Killed Azrael
 31134 | D:13     | Received a gift from Okawaru
 31344 | D:13     | Found a runed translucent gate.
 31345 | D:13     | Found a runed translucent gate.
 31345 | D:13     | Found a runed translucent gate.
 31348 | D:13     | Noticed Liimbo's ghost (journeyman FoWn)
 31351 | D:13     | Identified the +7 rapier of Yredelemnul {vorpal, Fly rC+
                  | Will+}
 31352 | D:13     | Found an iron altar of Okawaru.
 31496 | D:13     | Received a gift from Okawaru
 31604 | D:13     | Found a portal to a secret trove of treasure.
 31851 | D:14     | Received a gift from Okawaru
 31852 | D:14     | Reached skill level 14 in Fighting
 31894 | D:14     | Received a gift from Okawaru
 31921 | D:14     | Found a runed translucent gate.
 31967 | D:14     | Found a runed translucent gate.
 31968 | D:14     | Found a runed translucent gate.
 31969 | D:14     | Noticed Gabide's ghost (journeyman DgWn)
 31993 | D:14     | Killed Gabide's ghost
 32050 | D:14     | Found a gate to the Vaults.
 32058 | D:14     | Received a gift from Okawaru
 32389 | D:15     | Entered Level 15 of the Dungeon
 32459 | D:15     | Received a gift from Okawaru
 32474 | D:15     | Reached ****** piety under Okawaru
 32489 | D:15     | Reached XP level 17. HP: 109/139 MP: 30/32
 32597 | D:15     | Received a gift from Okawaru
 32791 | D:15     | Found a staircase to the Depths.
 32835 | D:15     | HP: 3/140 [something (23)]
 32837 | D:15     | Killed from afar by a vampire mage

Illustrated notes

Levels and vault maps discovered:
D:1:      lightli_arrival_lavapool, layout_basic,
          shapermc_ecumenical_altar_mp_vishouse, serial_forest,
          infiniplex_forest_corner_1, infiniplex_forest_straight_2,
          infiniplex_forest_clump_medium, infiniplex_forest_clump_cross,
          infiniplex_forest_lined_room_3
D:2:      layout_basic, chequers_serial_rivers_micro_a, minmay_between,
          uniq_sigmund
D:3:      layout_rooms, gammafunk_ghost_nasty_kobolds
D:4:      layout_rooms, serial_shops, kennysheep_mini, nrook_mini_backslash,
          hangedman_decor_push
D:5:      layout_basic, serial_shops, nicolae_shop_crystal, grunt_ministairs_11,
          uniq_edmund
D:6:      layout_rooms, minmay_temple_entry_sparse_star
D:7:      layout_basic, serial_shops, nicolae_shop_window_shopping,
          ebering_dispersal_statue_hall, minmay_nine_imps
D:8:      layout_loops_ring, david_lair_generic, uniq_erica
D:9:      kennysheep_ambush_hall, layout_cave_pools, orc_0_dummy,
          biasface_ghost_orc_armoury, nicolae_shop_self_help,
          uniq_prince_ribbit1
D:10:     hellmonk_ruined_rings, layout_irregular_city,
          mainiacjoe_overflow_tiny_flanked, introduction_to_nature_2,
          uniq_gastronok
D:11:     layout_roguey
D:12:     layout_stronghold
D:13:     layout_cave_pools, gammafunk_ghost_fury_of_okawaru, enter_trove_3,
          uniq_azrael, uniq_frances
D:14:     layout_cross, grunt_vaults_entry_fortified, ebering_ghost_rock_garden,
          patterned_corridor, minmay_misc_feat_plants
D:15:     gammafunk_depths_entry_grave, layout_basic, xom_teletrap_fun,
          einodemon_crawler_minivault
Temple:   mainiacjoe_temple_hex_bubbles
Lair:1:   layout_cave_pods, minivault_25
Lair:2:   layout_hall_layers, minivault_25, kennysheep_rathole
Lair:3:   layout_cave_pods, elwin_shoals_entry_stream, dummy_spider_entry,
          ebering_ghost_xom, chequers_serial_rivers_room_b, minmay_holes,
          lemuel_fruit_tree
Lair:4:   layout_layer_cave, serial_bayou_lagoon_b
Lair:5:   layout_cellular_growth, minmay_slime_entry_oklob_enclosed,
          minivault_25, nicolae_quartered_pool_medium, grunt_megastairs_3
Lair:6:   minmay_lair_end_enchanted_forest, layout_gridlike, wad_woods_02
Orc:1:    gammafunk_beogh_shrine, layout_caves
Orc:2:    st_orc_town, layout_caves, gauntlet_entry_generic

Skill      XL: |  1  2  3  4  5  6  7  8  9 10 11 12 13 14 15 16 17 |
---------------+----------------------------------------------------+-----
Short Blades   | 1 2 3 4 5 6 7 8 9 10 11 | 11.1
Long Blades    | 1 2 3 4 5 6 7 8 9 10 11 | 11.1
Maces & Flails | 1 2 3 4 5 6 7 8 9 10 11 | 11.1
Polearms       | 1 2 3 4 5 6 7 8 9 10 11 | 11.1
Staves         | 1 2 3 4 5 6 7 8 9 10 11 | 11.1
Slings         | 1 2 3 4 5 6 7 8 9 10 11 | 11.1
Bows           | 1 2 3 4 5 6 7 8 9 10 11 | 11.1
Crossbows      | 1 2 3 4 5 6 7 8 9 10 11 | 11.1
Throwing       | 1 2 3 4 5 6 7 8 9 10 11 | 11.1
Dodging        | 1 2 3 4 5 6 7 8 9 10 11 | 11.1
Stealth        | 1 2 3 4 5 6 7 8 9 10 11 | 11.1
Unarmed Combat | 1 2 3 4 5 6 7 8 9 10 11 | 11.1
Spellcasting   | 1 2 3 4 5 6 7 8 9 10 11 | 11.1
Conjurations   | 1 2 3 4 5 6 7 8 9 |  9.3
Hexes          | 1 2 3 4 5 6 7 8 9 |  9.3
Summonings     | 1 2 3 4 5 6 7 8 9 |  9.3
Necromancy     | 1 2 3 4 5 6 7 8 9 |  9.3
Translocations | 1 2 3 4 5 6 7 8 9 |  9.3
Transmutations | 1 2 3 4 5 6 7 8 9 |  9.3
Fire Magic     | 1 2 3 4 5 6 7 8 9 |  9.3
Ice Magic      | 1 2 3 4 5 6 7 8 9 |  9.3
Air Magic      | 1 2 3 4 5 6 7 8 9 |  9.3
Earth Magic    | 1 2 3 4 5 6 7 8 9 |  9.3
Poison Magic   | 1 2 3 4 5 6 7 8 9 |  9.3
Invocations    | 1 2 3 4 5 6 7 8 9 10 11 12 | 12.1
Evocations     | 1 2 3 4 5 6 7 8 9 10 11 | 11.8
Axes           | 5 6 7 8 9 10 11 12 | 12.0
Fighting       | 7 8 9 10 11 12 14 | 14.4
Armour         | 7 8 9 10 11 12 | 12.8
Shields        | 7 8 9 10 11 12 | 12.8

Action                   |  1- 3 |  4- 6 |  7- 9 | 10-12 | 13-15 | 16-18 || total
-------------------------+-------+-------+-------+-------+-------+-------++-------
Melee: War axe           |    58 |       |       |       |       |       ||    58
       Bite              |     3 |     7 |    27 |    69 |   175 |   118 ||   399
       Trident           |     4 |    83 |   310 |   624 |   898 |    33 ||  1952
       Hand axe          |       |       |       |       |   293 |    42 ||   335
       Broad axe         |       |       |       |       |       |   654 ||   654
Throw: Dart              |       |       |       |    21 |     2 |       ||    23
 Cast: Frozen Ramparts   |       |       |       |       |    12 |       ||    12
       Sting             |       |       |       |       |     1 |       ||     1
Invok: Heroism           |       |       |       |     7 |     7 |     4 ||    18
       Finesse           |       |       |       |     3 |     4 |     4 ||    11
       Duel              |       |       |       |       |       |     1 ||     1
Evoke: Wand              |       |       |       |       |       |     1 ||     1
  Use: Scroll            |       |     1 |     7 |     4 |    11 |     6 ||    29
       Potion            |       |     1 |       |     5 |     3 |     2 ||    11
 Stab: Petrified         |       |       |       |       |    12 |       ||    12
       Sleeping          |       |       |       |       |     2 |    12 ||    14
       Distracted        |       |       |       |       |     1 |     1 ||     2
Armor: Scale mail        |    25 |    31 |    49 |       |       |       ||   105
       Chain mail        |       |       |    91 |   336 |   467 |    80 ||   974
       Quicksilver drago |       |       |       |       |       |   351 ||   351
Dodge: Dodged            |    30 |    28 |    95 |   238 |   469 |   578 ||  1438
Block: Buckler           |    15 |    15 |    76 |   154 |   305 |    57 ||   622
       Kite shield       |       |       |       |       |       |   526 ||   526
